 Dungeon Crawl Stone Soup version 0.21.0-24-g2553a3340b (webtiles) character file.

112 Krosko the Skirmisher (level 4, 0/32 HPs)
             Began as a Gargoyle Fighter on Jan 21, 2018.
             Was an Initiate of Kikubaaqudgha.
             Slain by Grinder (4 damage)
             ... on level 3 of the Dungeon.
             The game lasted 00:05:31 (1606 turns).

Krosko the Skirmisher (Gargoyle Fighter)            Turns: 1606, Time: 00:05:31

Health: 0/32       AC: 10    Str: 20    XL:     4   Next: 95%
Magic:  13/13      EV:  7    Int:  9    God:    Kikubaaqudgha [......]
Gold:   112        SH:  9    Dex:  9    Spells: 3/3 levels left

rFire    . . .     SeeInvis .   a - +0 flail
rCold    . . .     Gourm    .   c - +0 shield
rNeg     + . .     Faith    .   b - +0 scale mail
rPois    ∞         Spirit   .   (no helmet)
rElec    +         Reflect  .   (no cloak)
rCorr    .         Harm     .   (no gloves)
MR       .....                  (no boots)
Stlth    ..........             m - amulet of rage
HPRegen  0.10/turn              o - ring of magical power
MPRegen  0.13/turn              (no ring)

@: no status effects
A: negative energy resistance 1, electricity resistance, unbreathing,
petrification resistance, rot immunity, AC +3
a: Renounce Religion, Evoke Berserk Rage


You were on level 3 of the Dungeon.
You worshipped Kikubaaqudgha.
Kikubaaqudgha was noncommittal.
You were not hungry.

You visited 1 branch of the dungeon, and saw 3 of its levels.

You collected 112 gold pieces.

Inventory:

Hand Weapons
 a - a +0 flail (weapon)
Armour
 b - a +0 scale mail (worn)
 c - a +0 shield (worn)
Jewellery
 m - an amulet of rage (around neck)
 o - a ring of magical power (left hand)
Scrolls
 e - a scroll of blinking {unknown}
 h - a scroll of teleportation {unknown}
 j - a scroll of identify {unknown}
 k - a scroll of fog {unknown}
 n - a scroll of enchant weapon {unknown}
Potions
 d - a potion of might
 g - a potion of degeneration {unknown}
 i - a potion of haste {unknown}
 l - a potion of curing {unknown}
 p - a potion of lignification {unknown}
Comestibles
 f - 3 rations


   Skills:
 + Level 5.8 Fighting
 - Level 2.0 Maces & Flails
 - Level 3.4 Armour
 - Level 3.4 Shields


You had 3 spell levels left.
You didn't know any spells.

Dungeon Overview and Level Annotations

Branches:
Dungeon (3/15)

Altars:
Dithmenos
Gozag
Hepliaklqana
Kikubaaqudgha
Nemelex Xobeh
Okawaru
Wu Jian
The Shining One

Annotations:
D:3 Grinder


Innate Abilities, Weirdness & Mutations

You are resistant to torment.
Your stone body is resilient. (AC +3)
You are immune to poison.
You resist negative energy. (rN+)
You are resistant to electric shocks. (rElec)
You can survive without breathing.
You are immune to petrification.
You are immune to rotting.


Message History

Grinder gestures at you.
You shrug off the repeated paralysis!
Grinder says, "You look like you could use a good racking."
You can move again.
You hit Grinder.
Grinder is severely wounded.
Grinder hits you.
* * * LOW HITPOINT WARNING * * *
You writhe in agony.
* * * LOW HITPOINT WARNING * * *
You hit Grinder.
Grinder is severely wounded.
Grinder blinks!
You block Grinder's attack.
You hit Grinder.
Grinder is severely wounded.
Grinder gestures at you.
You barely resist. Grinder hits you.
You die...
Kikubaaqudgha rasps: "You have failed me!
Welcome... oblivion!"

#.###...#.#
#.....#...#
#.###...### ##.##
#.####### #........
#.....### #)###.#
#..@5.# #.....#
#.....#####.#
########..........#
.............#####
..(.........#######
######.##÷.......#
#.##...<....# ##.
#.##...........
....


You could see Grinder.

Vanquished Creatures
  6 adders
  A worm (D:2)
  4 dart slugs
  A leopard gecko (D:2)
  3 bats
  2 giant cockroaches
  6 goblins
  4 hobgoblins
  4 jackals
  6 kobolds
  A quokka (D:2)
  6 frilled lizards
  5 rats
49 creatures vanquished.

Notes
Turn   | Place    | Note
-------+----------+-------------------------------------------
     0 | D:1      | Krosko the Gargoyle Fighter began the quest for the Orb.
     0 | D:1      | Reached XP level 1. HP: 14/14 MP: 1/1
    45 | D:1      | Reached XP level 2. HP: 19/19 MP: 2/2
   274 | D:1      | Reached skill level 4 in Fighting
   324 | D:1      | Reached XP level 3. HP: 21/24 MP: 3/3
   543 | D:1      | Reached skill level 5 in Fighting
   543 | D:1      | Reached XP level 4. HP: 11/31 MP: 4/4
   821 | D:2      | Found a hazy altar of Hepliaklqana.
   821 | D:2      | Found a shadowy altar of Dithmenos.
  1035 | D:2      | Found a sparkling altar of Nemelex Xobeh.
  1090 | D:2      | Found an iron altar of Okawaru.
  1090 | D:2      | Found an ornate altar of the Wu Jian Council.
  1095 | D:2      | Found an opulent altar of Gozag.
  1097 | D:2      | Found an ancient bone altar of Kikubaaqudgha.
  1099 | D:2      | Found a glowing golden altar of the Shining One.
  1112 | D:2      | Became a worshipper of Kikubaaqudgha
  1323 | D:3      | Noticed Grinder
  1338 | D:3      | Paralysed by Grinder for 2 turns
  1585 | D:3      | Paralysed by Grinder for 6 turns
  1596 | D:3      | Paralysed by Grinder for 4 turns
  1606 | D:3      | Slain by Grinder

Skill      XL: |  1  2  3 |
---------------+----------+-----
Fighting       | 4 5 |  5.8
Maces & Flails | |  2.0
Armour         | |  3.4
Shields        | |  3.4

Action                   |  1- 3 |  4- 6 || total
-------------------------+-------+-------++-------
Melee: Flail             |   130 |   101 ||   231
  Eat: Ration            |       |     1 ||     1
       Chunk             |       |     1 ||     1
Armor: Scale mail        |   102 |    58 ||   160
Dodge: Dodged            |    65 |    33 ||    98
Block: Shield            |    94 |    66 ||   160
